 Dungeon Crawl Stone Soup version 0.17-a0-910-ga669010 (console) character file.

79 sose the Chucker (level 4, -1/44 HPs)
             Began as an Ogre Hunter on May 2, 2015.
             Killed from afar by an orc wizard (8 damage)
             ... with a magic dart
             ... on level 3 of the Dungeon.
             The game lasted 00:06:20 (2316 turns).

sose the Chucker (Ogre Hunter)                      Turns: 2316, Time: 00:06:20

Health: -1/44      AC:  3    Str: 17    XL:     4   Next: 38%
Magic:  4/4        EV: 10    Int: 11    God:
Gold:   106        SH:  0    Dex: 10    Spells: 0 memorised, 3 levels left

rFire  . . .     SeeInvis .     f - +0 flail
rCold  . . .     Clarity  .     d - +0 robe
rNeg   . . .     SustAb   .     (no shield)
rPois  .         Gourm    .     (helmet restricted)
rElec  .         Spirit   .     (no cloak)
rCorr  .         Warding  .     (gloves unavailable)
rMut   .         Stasis   .     (boots unavailable)
MR     .....                    (no amulet)
Stlth  +.........               (no ring)
                                (no ring)

@: not resistant to hostile enchantments, very unstealthy
A: unfitting armour, tough skin 1
a: no special abilities


You were on level 3 of the Dungeon.
You were not hungry.

You visited 1 branch of the dungeon, and saw 3 of its levels.

You collected 106 gold pieces.

Inventory:

Hand weapons
 a - a +0 short sword
 f - a +0 flail (weapon)
 i - a +0 whip
 l - a +1 short sword of protection
Missiles
 b - a large rock (quivered)
 c - 2 throwing nets
Armour
 d - a +0 robe (worn)
Scrolls
 g - a scroll of teleportation {unknown}
 j - a scroll of enchant weapon {unknown}
 k - 3 scrolls of amnesia
 m - a scroll of identify {unknown}
 n - a scroll of remove curse
 q - a scroll of magic mapping {unknown}
 r - 2 scrolls of recharging {unknown}
 s - a scroll of enchant armour {unknown}
 v - a scroll of noise {unknown}
 x - a scroll of random uselessness {unknown}
Potions
 h - a potion of heal wounds {unknown}
 o - 2 potions of flight {unknown}
 p - a potion of cure mutation {unknown}
 t - a potion of lignification {unknown}
 u - a potion of curing {unknown}
 w - a potion of ambrosia {unknown}
Comestibles
 e - 2 bread rations


   Skills:
 - Level 2.6 Fighting
 + Level 4.0 Maces & Flails
 - Level 5.1 Throwing
 - Level 1.7 Dodging
 - Level 0.7 Stealth


You had 3 spell levels left.
You didn't know any spells.

Dungeon Overview and Level Annotations

Branches:
Dungeon (3/15)

Altars:
Ashenzari
Sif Muna


Innate Abilities, Weirdness & Mutations

You are too large for most types of armour.
You have tough skin (AC +1).


Message History

* * * LOW HITPOINT WARNING * * *
There is a stone staircase leading down here.
You hit the orc.
The orc is heavily wounded.
The orc hits you but does no damage.
You hit the orc but do no damage.
The orc is heavily wounded.
Throwing (i - inventory. (,) - cycle):
b - 3 large rocks (quivered)
Press: ? - help, Shift-Dir - straight line, f/p - orc wizard
Aim: an orc wizard, wielding a dagger and wearing a robe You throw a large rock.
The large rock hits the orc wizard.
The orc wizard is lightly wounded.
Throwing (i - inventory. (,) - cycle):
b - 2 large rocks (quivered)
Press: ? - help, Shift-Dir - straight line, f/p - orc wizard
Aim: an orc wizard, wielding a dagger and wearing a robe (lightly wounded)
You throw a large rock. The large rock hits the orc wizard!
The orc wizard is almost dead.
The orc wizard casts a spell at you. The magic dart hits you!
You die...

#.# ###.# #.# #.#
##.## #.# #######.(.##
#.#
#...........########.#
###..............#
#..(.o############
.....#.#o# .### #.#@#
#.#.# ..#.# ###.# #.#
#.# #.. #.. #..


You could see an orc wizard and an orc.

Vanquished Creatures
  An adder (D:2)
  2 worms (D:2)
  A giant gecko (D:1)
  4 orcs (D:3)
  3 ball pythons
  5 bats
  4 giant cockroaches
  7 goblins
  3 hobgoblins
  7 jackals (D:2)
  6 kobolds (D:1)
  2 quokkas
  A giant newt (D:1)
  8 rats
54 creatures vanquished.

Notes
Turn   | Place    | Note
--------------------------------------------------------------
     0 | D:1      | sose, the Ogre Hunter, began the quest for the Orb.
     0 | D:1      | Reached XP level 1. HP: 22/22 MP: 1/1
   101 | D:1      | Reached skill level 1 in Maces & Flails
   164 | D:1      | Reached XP level 2. HP: 29/29 MP: 2/2
   889 | D:2      | Reached XP level 3. HP: 36/36 MP: 3/3
  1374 | D:2      | Found a deep blue altar of Sif Muna.
  1445 | D:2      | Reached skill level 5 in Throwing
  1445 | D:2      | Reached XP level 4. HP: 19/44 MP: 4/4
  1680 | D:2      | Found a shattered altar of Ashenzari.
  2316 | D:3      | Killed from afar by an orc wizard

Action                   |  1- 3 |  4- 6 || total
-------------------------+-------+-------++-------
Melee: Short sword       |   129 |    56 ||   185
       Whip              |    58 |       ||    58
       Flail             |       |     8 ||     8
Throw: Large rock        |     4 |     4 ||     8
  Use: Scroll            |     2 |       ||     2
  Eat: Chunk             |     2 |     3 ||     5
